 Seeded DCSS version 0.27-a0-1529-g1e82c303ef (webtiles) character file.

Game seed: 20210711 (custom seed)

16 muata the Conjurer (level 2, 0/19 HPs)
             Began as a Human Conjurer on July 11, 2021.
             Slain by a worm (4 damage)
             ... on level 2 of the Dungeon on July 12, 2021.
             The game lasted 00:02:40 (1361 turns).

muata the Conjurer (Human Conjurer)                 Turns: 1361, Time: 00:02:41

Health: 0/19       AC:  2    Str:  7    XL:     2   Next: 70%
Magic:  3/5        EV: 12    Int: 18    God:
Gold:   41         SH:  0    Dex: 11    Spells: 4/5 levels left

rFire    . . .     SeeInvis .   (no weapon)
rCold    . . .     Faith    .   (no shield)
rNeg     . . .     Spirit   .   a - +0 robe
rPois    .         Reflect  .   (no helmet)
rElec    .         Harm     .   (no cloak)
rCorr    .         Rampage  .   (no gloves)
Will     .....                  (no boots)
Stlth    ++........             (no amulet)
HPRegen  0.06/turn              (no ring)
MPRegen  0.09/turn              (no ring)

@: no status effects
A: no striking features
a: no special abilities


You were on level 2 of the Dungeon.
You visited 1 branch of the dungeon, and saw 2 of its levels.

You collected 41 gold pieces.

Inventory:

Armour
 a - a +0 robe (worn)
Scrolls
 b - a scroll of noise {unknown}
 d - a scroll of identify {unknown}
 g - 2 scrolls of holy word {unknown}
 h - a scroll of fog {unknown}
 i - a scroll of teleportation {unknown}
 j - a scroll of magic mapping {unknown}
Potions
 c - 3 potions of curing {unknown}
 e - a potion of haste {unknown}
 f - 2 potions of attraction {unknown}
 k - a potion of resistance {unknown}


   Skills:
 + Level 2.5 Dodging
 - Level 2.0 Stealth
 + Level 2.4 Spellcasting
 - Level 4.0 Conjurations


You had 4 spell levels left.
You knew the following spells:

 Your Spells              Type           Power      Damage    Failure   Level
a - Magic Dart            Conj           64%        1d6       3%          1

Your spell library contained the following spells:

 Spells                   Type           Power      Damage    Failure   Level
 Searing Ray              Conj           32%        3d4       4%          2
 Dazzling Flash           Conj/Hex       18%        N/A       22%         3
 Fulminant Prism          Conj/Hex       4%         3d6       58%         4
 Iskenderun's Mystic Bla  Conj/Tloc      9%         2d4       58%         4


Dungeon Overview and Level Annotations

Branches:
Dungeon (2/15)

Altars:


Message History

Aiming: Magic Dart (safe; 3% risk of failure)
Press: ? - help, Shift-Dir - straight line, f/p - worm
Aim: a worm (100% to hit)
The magic dart hits the worm.
The worm is lightly wounded.
The worm bites you.
You hit the worm.
The worm is lightly wounded.
You hit the worm but do no damage.
The worm is lightly wounded.
The worm bites you!
There is a stone staircase leading up here.
You climb upwards.
There is a stone staircase leading down here.
You start resting.
Magic restored.
You start resting.
HP restored.
You climb downwards.
The worm bites you.
There is a stone staircase leading up, spattered with blood here.
Casting: Magic Dart (safe; 3% risk of failure)
Confirm with . or Enter, or press ? or * to list all spells.
Aiming: Magic Dart (safe; 3% risk of failure)
Press: ? - help, Shift-Dir - straight line, f - worm
Aim: a worm (100% to hit)
The magic dart hits the worm.
The worm is lightly wounded.
The worm bites you!
Ouch! That really hurt!
* * * LOW HITPOINT WARNING * * *
Unknown command.
Casting: Magic Dart (safe; 3% risk of failure)
Confirm with . or Enter, or press ? or * to list all spells.
Aiming: Magic Dart (safe; 3% risk of failure)
Press: ? - help, Shift-Dir - straight line, f/p - worm
Aim: a worm (lightly wounded, 100% to hit)
The magic dart hits the worm.
The worm is heavily wounded.
The worm bites you.
You die...

>..###.#########.#
#.# #.# #.# #.#
#.# #.#
#.#########.#
............#
#.#########.# #w#
#@##### #.#...##
##......##
####....†...#
#########
............#
#≈≈≈≈≈≈≈#
####........#
#≈.....≈#
##......##
#≈.....≈# #.#...##
#≈.....≈###
#.##.##


You could see a worm.

Vanquished Creatures
  2 dart slugs
  2 ball pythons (D:1)
  2 endoplasms (D:1)
  A hobgoblin (D:1)
  A kobold (D:1)
  A frilled lizard (D:1)
  2 rats
11 creatures vanquished.

Notes
Turn   | Place    | Note
-------+----------+-------------------------------------------
     0 | D:1      | muata the Human Conjurer began the quest for the Orb.
     0 | D:1      | Reached XP level 1. HP: 13/13 MP: 3/3
   495 | D:1      | Found a faded altar of an unknown god.
   495 | D:1      | Noticed a floating eye
   497 | D:1      | Reached XP level 2. HP: 19/19 MP: 3/5
   531 | D:1      | Noticed a floating eye
   536 | D:1      | Noticed a golden eye
   539 | D:1      | Noticed a floating eye
  1361 | D:2      | Slain by a worm

Illustrated notes

Levels and vault maps discovered:
D:1:      amcnicky_arrival_choice, layout_basic,
          hellmonk_ecumenical_altar_watching_god
D:2:      layout_loops_ring, dk_vineyard_1

Action                   || total
-------------------------++-------
Melee: Unarmed           ||     4
 Cast: Magic Dart        ||    33
Dodge: Dodged            ||     3

Table legend: (Time is in decaauts)
 A = Elapsed time spent in this place.
 B = Non-inter-level travel time spent in this place.
 C = Inter-level travel time spent in this place.
 D = Time resting spent in this place.
 E = Time spent auto-exploring this place.
 F = Levels seen in this place.
 G = Mean time per level.
                   A        B        C        D        E       F      G
               +--------+--------+--------+--------+--------+-----+--------+
         Total |   1363 |   1325 |     38 |    288 |    875 |   2 |  681.5 |
       Dungeon |   1363 |   1325 |     38 |    288 |    875 |   2 |  681.5 |
               +--------+--------+--------+--------+--------+-----+--------+

Top non-repeatable levels by time:
     D:1: 1169 daAuts
     D:2: 193 daAuts
